 Dungeon Crawl Stone Soup version 0.24.0-5-g267a8d59f4 (webtiles) character file.

Game seed: 624372761899125767, levelgen mode: deterministic

482670 Inarius the Petrodigitator (level 24, -1/141 HPs)
             Began as a Gargoyle Earth Elementalist on Oct 31, 2019.
             Was the Champion of Vehumet.
             Killed by the air
             ... invoked by a spriggan air mage
              (37 damage)
             ... on level 1 of the Depths on Nov 1, 2019.
             The game lasted 03:14:59 (76932 turns).

Inarius the Petrodigitator (GrEE)                  Turns: 76932, Time: 03:15:00

Health: -1/141     AC: 41    Str: 20    XL:     24   Next: 89%
Magic:  45/45      EV: 16    Int: 42    God:    Vehumet [******]
Gold:   3636       SH: 12    Dex:  7    Spells: 9/60 levels left

rFire    + + .     SeeInvis +   S - +9 long sword of the Skies Above {slice, +Blink Int+9 Stlth-}
rCold    . . .     Gourm    +   b - +2 shield {reflect}
rNeg     + + +     Faith    .   O - +0 chain mail of Catatonia {rF+ MR++ rCorr Dex-3}
rPois    ∞         Spirit   .   T - +1 helmet {SInv}
rElec    +         Reflect  +   D - +0 cloak of Yredelemnul's Fury {rN+ rCorr Int+2}
rCorr    +         Harm     .   P - +1 pair of gloves "Joxzic" {rF+ Int+4}
MR       +++..                  Z - +2 pair of boots {Fly}
Stlth    ..........             R - amulet of Qulyerph {Gourm Str+7}
HPRegen  0.33/turn              J - ring of Phasing {EV+8}
MPRegen  0.29/turn              m - ring of positive energy

@: flying
A: big wings, negative energy resistance 1, electricity resistance, unbreathing,
petrification resistance, rot immunity, AC +18
}: 2/15 runes: decaying, gossamer
a: Stop Flying, Renounce Religion, Evoke Blink


You were on level 1 of the Depths.
You worshipped Vehumet.
Vehumet was exalted by your worship.
You were very full.

You visited 10 branches of the dungeon, and saw 43 of its levels.
You also visited: Bailey and Ice Cave.

You collected 6280 gold pieces.
You spent 2644 gold pieces at shops.

Inventory:

Hand Weapons
 S - the +9 long sword of the Skies Above (weapon) {slice, +Blink Int+9 Stlth-}
   (You took it off a deep elf death mage on level 3 of the Elven Halls)

   It inflicts extra damage upon your enemies.
   It affects your intelligence (+9).
   It lets you blink.
   It makes you less stealthy.
Armour
 a - a +0 large shield
 b - a +2 shield of reflection (worn)
 D - the +0 cloak of Yredelemnul's Fury (worn) {rN+ rCorr Int+2}
   (You found it on level 3 of the Vaults)

   It affects your intelligence (+2).
   It protects you from negative energy.
   It provides partial protection from all sources of acid and corrosion.
 O - the +0 chain mail of Catatonia (worn) {rF+ MR++ rCorr Dex-3}
   (You bought it in a shop on level 2 of the Orcish Mines)

   It affects your dexterity (-3).
   It protects you from fire.
   It affects your resistance to hostile enchantments.
   It provides partial protection from all sources of acid and corrosion.
 P - the +1 pair of gloves "Joxzic" (worn) {rF+ Int+4}
   (You found it on level 3 of the Elven Halls)

   It affects your intelligence (+4).
   It protects you from fire.
 T - a +1 helmet of see invisible (worn)
 Z - a +2 pair of boots of flying (worn)
Magical Staves
 N - an uncursed staff of earth
Jewellery
 c - an uncursed ring of protection from cold
 e - an uncursed ring of protection from fire
 m - a ring of positive energy (right hand)
 J - the ring of Phasing (left hand) {EV+8}
   (You took it off a deep elf death mage on level 3 of the Elven Halls)

   [ring of evasion]

   It affects your evasion (+8).
 Q - the ring of Qohiarch {Wiz Str-4 Int+4}
   (You found it on level 5 of the Lair of Beasts)

   [ring of wizardry]

   It improves your spell success rate.
   It affects your strength (-4).
   It affects your intelligence (+4).
 R - the amulet of Qulyerph (around neck) {Gourm Str+7}
   (You bought it in a shop on level 6 of the Dungeon)

   [amulet of the gourmand]

   It allows you to eat raw meat even when not hungry.
   It affects your strength (+7).
Wands
 s - a wand of acid (6)
 K - a wand of disintegration (28)
 U - a wand of digging (11)
 W - a wand of iceblast (23)
 X - a wand of paralysis (27)
Scrolls
 j - 2 scrolls of identify
 k - 2 scrolls of holy word
 n - 5 scrolls of fear
 o - 9 scrolls of enchant armour
 p - 7 scrolls of immolation
 q - 16 scrolls of remove curse
 r - 20 scrolls of teleportation
 t - 4 scrolls of blinking
 u - 3 scrolls of fog
 w - 5 scrolls of summoning
 y - 5 scrolls of amnesia
 I - 4 scrolls of magic mapping
Potions
 f - 8 potions of brilliance
 h - 8 potions of heal wounds
 i - 8 potions of might
 l - 9 potions of haste
 v - 5 potions of resistance
 z - 4 potions of agility
 C - 12 potions of curing
 F - 5 potions of ambrosia
 G - a potion of mutation
 H - a potion of invisibility
 L - a potion of magic
 Y - 3 potions of cancellation
Miscellaneous
 g - a phial of floods
 x - a lamp of fire
 A - a sack of spiders
 M - 3 boxes of beasts
 V - a lightning rod (4/4)
Comestibles
 d - 69 rations
 B - 6 chunks of flesh


   Skills:
 + Level 11.7 Fighting
 - Level 2.1 Long Blades
   Level 2.0 Maces & Flails
 + Level 12.3 Armour
 + Level 3.9 Dodging
 - Level 2.1 Stealth
 + Level 7.9 Shields
 + Level 0.1 Unarmed Combat
 - Level 18.5 Spellcasting
 + Level 19.0 Conjurations
 + Level 2.5 Summonings
 - Level 4.6 Necromancy
 - Level 6.0 Translocations
   Level 0.7 Transmutations
 * Level 6.3 Fire Magic
 O Level 27 Earth Magic
 - Level 10.1 Evocations


You had 9 spell levels left.
You knew the following spells:

 Your Spells              Type           Power        Failure   Level  Hunger
a - Lehudib's Crystal Sp  Conj/Erth      ########..   1%          8    ###....
b - Fire Storm            Conj/Fire      #######...   100%        9    #####..
c - Blink                 Tloc           N/A          1%          2    None
d - Lee's Rapid Deconstr  Erth           ########..   0%          5    None
e - Iron Shot             Conj/Erth      ########..   1%          6    None
f - Spellforged Servitor  Conj/Summ      #######...   24%         7    None
g - Shatter               Erth           ########..   4%          9    #####..
h - Borgnjor's Vile Clut  Necr/Erth      ########..   1%          5    None

Your spell library contained the following spells:

 Spells                   Type           Power        Failure   Level  Hunger
 Magic Dart               Conj           ####         0%          1    None
 Sandblast                Erth           ######       0%          1    None
 Searing Ray              Conj           ######       0%          2    None
 Stone Arrow              Conj/Erth      ######       0%          3    None
 Animate Skeleton         Necr           N/A          1%          1    None
 Apportation              Tloc           ######       1%          1    None
 Flame Tongue             Conj/Fire      #####        1%          1    None
 Pain                     Necr           ####         1%          1    None
 Sting                    Conj/Pois      ####         1%          1    None
 Passwall                 Tmut/Erth      ########     1%          2    None
 Conjure Flame            Conj/Fire      #######.     1%          3    None
 Dazzling Spray           Conj/Hex       ######       1%          3    None
 Mephitic Cloud           Conj/Pois/Air  #######.     1%          3    None
 Force Lance              Conj/Tloc      #######.     1%          4    None
 Fulminant Prism          Conj/Hex       #######...   1%          4    None
 Iskenderun's Mystic Bla  Conj           ########     1%          4    None
 Petrify                  Tmut/Erth      ########     1%          4    None
 Fireball                 Conj/Fire      #######...   1%          5    None
 Irradiate                Conj/Tmut      #######...   1%          5    None
 Venom Bolt               Conj/Pois      #######...   1%          5    None
 Freeze                   Ice            ####         2%          1    None
 Gell's Gravitas          Tloc           ######....   2%          3    None
 Lesser Beckoning         Tloc           ######....   2%          3    None
 Teleport Other           Tloc           ######..     2%          3    None
 Bolt of Fire             Conj/Fire      #######...   2%          6    None
 Summon Butterflies       Summ           ######..     3%          1    None
 Summon Small Mammal      Summ           ####         3%          1    None
 Ignite Poison            Fire/Tmut/Pois ######..     3%          3    None
 Shroud of Golubria       Chrm/Tloc      ######       4%          2    None
 Call Imp                 Summ           ######..     5%          2    None
 Beastly Appendage        Tmut           #####.       7%          1    None
 Passage of Golubria      Tloc           N/A          9%          4    None
 Bolt of Cold             Conj/Ice       #######...   9%          6    None
 Conjure Ball Lightning   Conj/Air       #######...   9%          6    None
 Confusing Touch          Hex            #####.       10%         1    None
 Sticks to Snakes         Tmut           #####...     11%         2    None
 Call Canine Familiar     Summ           ######..     11%         3    None
 Regeneration             Chrm/Necr      ######....   12%         3    None
 Poisonous Vapours        Pois/Air       #####.       16%         2    None
 Slow                     Hex            #####...     16%         2    None
 Animate Dead             Necr           N/A          16%         4    None
 Summon Guardian Golem    Hex/Summ       #####...     19%         3    None
 Olgreb's Toxic Radiance  Pois           #####...     24%         4    None
 Spider Form              Tmut/Pois      #####.....   26%         3    None
 Confuse                  Hex            #####...     30%         3    None
 Tukima's Dance           Hex            #####...     30%         3    None
 Yara's Violent Unravell  Hex/Tmut       #####.....   50%         5    None
 Summon Ice Beast         Ice/Summ       #####...     52%         4    None
 Summon Lightning Spire   Summ/Air       #####...     52%         4    None
 Ice Form                 Ice/Tmut       #####...     63%         4    None
 Cause Fear               Hex            #####.....   69%         4    None
 Blade Hands              Tmut           #####.....   89%         5    None
 Alistair's Intoxication  Tmut/Pois      #####...     93%         5    None
 Death Channel            Necr           ######....   93%         6    None
 Metabolic Englaciation   Hex/Ice        #####.....   95%         5    None
 Silence                  Hex/Air        #####.....   95%         5    None
 Ozocubu's Refrigeration  Ice            #####.....   97%         6    None
 Deflect Missiles         Chrm/Air       #####.....   100%        6    None
 Hydra Form               Tmut           #####.....   100%        6    None
 Invisibility             Hex            #####...     100%        6    None
 Dragon Form              Tmut           #####.....   100%        7    None
 Malign Gateway           Summ/Tloc      ######....   100%        7    None
 Monstrous Menagerie      Summ           ######....   100%        7    None
 Ring of Flames           Chrm/Fire      ######....   100%        7    None
 Summon Greater Demon     Summ           ######....   100%        7    None
 Ignition                 Fire           #######...   100%        8    ###....
 Summon Horrible Things   Summ           ######....   100%        8    ###....
 Dragon's Call            Summ           ######....   100%        9    #####..
 Tornado                  Air            #####.....   100%        9    #####..
 Sublimation of Blood     Necr           Unusable     N/A         2    N/A
 Statue Form              Tmut/Erth      Unusable     N/A         6    N/A

Dungeon Overview and Level Annotations

Branches:
Dungeon (15/15)            Temple (1/1) D:4            Lair (6/6) D:11
  Swamp (4/4) Lair:2       Spider (4/4) Lair:2        Slime (0/5) Lair:5
    Orc (2/2) D:9             Elf (3/3) Orc:2        Vaults (4/5) D:13
  Crypt (3/3) Vaults:3       Tomb (0/3) Crypt:3      Depths (1/5) D:15
 Bailey (visited)           IceCv (visited)

Altars:
Ashenzari
Cheibriados
Dithmenos
Elyvilon
Fedhas
Gozag
Hepliaklqana
Kikubaaqudgha
Makhleb
Nemelex Xobeh
Okawaru
Qazlal
Ru
Sif Muna
Trog
Uskayaw
Vehumet
Wu Jian
Xom
Yredelemnul
Zin
The Shining One
Beogh

Shops:
D:6 [=*[*   D:7 :   Orc:1 !   Orc:2 ![}:   Elf:2 }([}   Elf:3 :   Depths:1 **

Portals:
Pandemonium: Depths:1
Trove: D:13 (give 14 scrolls of teleportation)

Annotations:
Depths:1 2 runed translucent doors


Innate Abilities, Weirdness & Mutations

You are resistant to torment.
Your stone body is resilient. (AC +18)
You are immune to poison.
Your large and strong wings let you fly indefinitely.
You resist negative energy. (rN+)
You are resistant to electric shocks. (rElec)
You can survive without breathing.
You are immune to petrification.
You are immune to rotting.


Message History

The air twists around and violently strikes you in flight!
The spriggan air mage waves its arms in wide circles.
The air twists around and violently strikes you in flight!!!
* * * LOW HITPOINT WARNING * * *
A wizard comes into view. It is wielding a +0 dagger.
A deep elf annihilator comes into view. It is wielding a +0 long sword.
The wizard moves out of view.
Found a dagger.
Unknown command.
As you read the scroll of fog, it crumbles to dust.
The scroll dissolves into smoke.
The spriggan air mage waves its arms in wide circles.
The air twists around and violently strikes you in flight.
You feel much better.
The spriggan air mage waves its arms in wide circles.
The air twists around and violently strikes you in flight!
* * * LOW HITPOINT WARNING * * *
The spriggan air mage waves its arms in wide circles.
The air twists around and violently strikes you in flight!!!
You die...

#...................#
####.....#.##########..#
.......... . ..#.#
.#####'#.#.#. ###.#..#
.#####.#.#...# ..#..#.#
.#..)..#.#.#..###...##.#
.#.#####.......#§...#..#
.........# #...§§§...#..#
...#######.# #.§@§......#
..............§§§§§§.....
....###.#........§i.....#
...............iT#..##..#
.............##.V.#V# .#
....#........ .i[. ..
#...######## .)ep ..#
#........... #..).)###
..)>#.######


You could see a vampire knight, a deep elf annihilator, 3 spriggan air magi, a
deep troll earth mage and a wizard.

Vanquished Creatures
  An ancient lich (Depths:1)
  Saint Roka (Crypt:1)
  Frederick (Crypt:1)
  A golden dragon (shapeshifter) (Vaults:2)
  A golden dragon (Depths:1)
  Arachne (Spider:3)
  A bone dragon (Crypt:3)
  A profane servitor (Crypt:3)
  A lich (Crypt:3)
  The ghost of Itoosaen the Wallflower, a veteran VSBe of Uskayaw (D:15)
  An Ice Fiend (IceCv)
  Rupert (Orc:2)
  Jorgrun (Elf:2)
  2 deep elf blademasters (Elf:3)
  Asterion (Spider:2)
  2 deep elf master archers (Elf:3)
  Frances (D:13)
  Donald (Swamp:2)
  5 ancient champions
  Kirke (Lair:6)
  2 tengu reavers
  A revenant (Crypt:3)
  5 thorn hunters
  Roxanne (Swamp:1)
  4 fire giants
  6 frost giants
  6 vault wardens
  8 emperor scorpions
  7 ghost moths
  10 ghouls
  5 deep elf sorcerers
  An orc warlord (Orc:2)
  5 deep elf elementalists
  2 curse skulls
  9 ironheart preservers
  8 very ugly things
  6 stone giants
  5 deep elf demonologists (Elf:3)
  A spark wasp (shapeshifter) (Depths:1)
  4 vampire knights
  5 entropy weavers
  8 deep elf annihilators
  Azrael (D:12)
  An eidolon (Crypt:1)
  9 ettins
  12 deep elf death magi
  A crystal guardian (Vaults:3)
  7 fire dragons
  19 jiangshi
  A great orb of eyes (Vaults:1)
  2 deep elf high priests (Elf:3)
  9 yaktaur captains
  Erolcha (Orc:2)
  A rakshasa (Vaults:3)
  8 vault guards
  Harold (D:11)
  8 ice dragons
  A catoblepas (Lair:6)
  20 hydras
  A quicksilver dragon skeleton (Crypt:1)
  2 spriggan air magi (Depths:1)
  A two-headed ogre (shapeshifter) (Vaults:1)
  9 centaur warriors
  2 shambling mangroves
  11 death yaks
  33 dancing weapons
  Erica (D:11)
  6 deep troll shamans
  3 tengu warriors
  13 alligators
  41 two-headed ogres
  8 death knights
  11 ogre magi
  4 vampire magi
  Nergalle (D:11)
  A hell knight (Crypt:3)
  6 deep troll earth magi
  24 deep elf knights
  47 skeletal warriors
  3 shadow wraiths
  5 unseen horrors
  3 spriggan druids
  A ghost moth zombie (Crypt:3)
  5 phantasmal warriors
  12 swamp dragons
  3 glowing orange brains
  9 deep trolls
  3 iron trolls (Depths:1)
  11 ironbrand convokers
  An obsidian statue (Depths:1)
  An anaconda zombie (Crypt:2)
  71 deep elf magi
  8 wizards
  A lindwurm (Lair:6)
  23 orc knights
  6 flayed ghosts
  17 deep elf archers
  A wolf spider (shapeshifter) (Vaults:3)
  38 wolf spiders
  6 harpies
  4 necromancers
  15 orc sorcerers
  16 orb spiders
  37 ugly things
  A salamander (shapeshifter) (Vaults:1)
  2 manticores (D:13)
  11 elephants
  5 cyclopes
  Maurice (Orc:2)
  10 vault sentinels
  2 torpor snails
  3 black mambas
  2 gargoyles
  A shock serpent zombie (Crypt:2)
  2 black mambas (shapeshifter) (Vaults:2)
  A torpor snail (shapeshifter) (Vaults:3)
  3 spectral swamp worms (Depths:1)
  An ice statue (IceCv)
  22 spiny frogs
  A rime drake (Lair:5)
  5 komodo dragons
  44 yaktaurs
  3 anaconda simulacra (IceCv)
  3 efreet
  A yaktaur (shapeshifter) (D:15)
  A grey draconian skeleton (Crypt:2)
  16 demonic crawlers
  9 freezing wraiths
  4 ice devils (IceCv)
  An iron troll skeleton (Crypt:2)
  2 tengu conjurers
  2 golden dragon simulacra (IceCv)
  A minotaur skeleton (Crypt:2)
  8 trolls
  25 jumping spiders
  2 wolf spider simulacra
  A meliai (D:13)
  A harpy skeleton (Crypt:1)
  4 polar bears
  7 bog bodies
  A meliai (shapeshifter) (Vaults:3)
  12 tyrant leeches
  16 hornets
  30 slime creatures
  5 blink frogs (Lair:1)
  A fire giant simulacrum (Crypt:1)
  A frost giant simulacrum (Vaults:1)
  2 human simulacra (Vaults:2)
  7 hippogriffs
  3 hippogriffs (shapeshifter)
  7 dream sheep (Lair:3)
  4 centaur simulacra
  A spriggan (shapeshifter) (Vaults:3)
  42 tarantellas
  6 shadows
  6 air elementals
  Sigmund (D:6)
  51 flying skulls (Crypt:3)
  76 redbacks
  2 wyverns
  26 yaks
  An alligator skeleton (Crypt:2)
  A spriggan (Swamp:3)
  14 wraiths
  9 basilisks
  4 water elementals
  8 hogs
  11 fire elementals
  A steam dragon (Lair:2)
  9 humans
  A death yak simulacrum (IceCv)
  A hungry ghost (D:8)
  15 vampire mosquitoes
  13 insubstantial wisps
  11 wargs
  5 small abominations
  3 harpy simulacra (IceCv)
  4 hydra simulacra (IceCv)
  19 swamp worms
  2 iron troll simulacra (IceCv)
  5 acid dragons
  16 water moccasins
  11 porcupines
  A hell hound (D:12)
  16 swamp drakes
  4 ice beasts
  2 sky beasts
  67 orc warriors
  4 black bears
  An ettin simulacrum (IceCv)
  36 ogres
  A tengu (shapeshifter) (Vaults:1)
  9 necrophages
  2 phantoms
  6 boggarts
  14 wolves
  16 centaurs
  A snapping turtle skeleton (Crypt:1)
  A spectral human (Crypt:3)
  11 crocodiles
  A hippogriff zombie (Crypt:1)
  A rime drake skeleton (Crypt:1)
  19 bullfrogs
  8 earth elementals
  A cyclops zombie (Crypt:1)
  2 wyvern zombies
  A water moccasin skeleton (D:5)
  A water moccasin zombie (D:8)
  2 wyvern skeletons
  7 scorpions
  4 killer bees (D:9)
  A warg skeleton (Crypt:2)
  An elephant simulacrum (IceCv)
  2 spriggan zombies (Crypt:1)
  A manticore simulacrum (Crypt:1)
  A spriggan skeleton (Crypt:1)
  9 crimson imps
  3 bullfrog zombies
  2 jellies
  A quasit (D:8)
  4 bullfrog skeletons
  10 hounds
  A human zombie (Crypt:1)
  4 centaur zombies
  18 orc priests
  3 centaur skeletons
  47 orc wizards
  5 iguanas
  A demonspawn skeleton (Crypt:1)
  2 hell rats (Lair:2)
  5 troll simulacra (IceCv)
  10 worker ants
  2 polar bear simulacra (Lair:5)
  3 yak simulacra (Lair:5)
  7 wolf simulacra
  A sky beast zombie (Crypt:2)
  A tengu skeleton (Crypt:2)
  A hound zombie (D:10)
  2 hound skeletons (D:8)
  Robin (D:2)
  18 adders
  2 gnolls (Orc:1)
  3 naga simulacra (IceCv)
  9 river rats (Lair:2)
  A shadow imp (D:6)
  6 white imps (IceCv)
  9 ufetubi (IceCv)
  2 oozes (D:5)
  An adder zombie (D:7)
  2 dart slugs
  5 leopard geckos
  164 orcs
  2 ball pythons
  5 giant cockroaches
  16 goblins
  10 hobgoblins
  12 jackals
  6 quokkas
  12 bats
  7 frilled lizards
  8 kobolds
  A kobold zombie (Crypt:3)
  A leopard gecko zombie (D:5)
  3 rats (D:2)
  3 river rat simulacra (Lair:5)
  A plant (Elf:1)
2131 creatures vanquished.

Vanquished Creatures (collateral kills)
  The ghost of endersaim the Spry, an adept MfSk of Qazlal (Spider:1)
1 creature vanquished.

Vanquished Creatures (others)
  A deep elf mage (Elf:1)
  A tarantella (Spider:1)
  A swamp worm (Swamp:1)
  A bullfrog (shapeshifter) (D:13)
  A bullfrog zombie (D:12)
  4 ufetubi (IceCv)
  An orc (Crypt:1)
  9 fungi
  24 plants
43 creatures vanquished.

Grand Total: 2175 creatures vanquished

Notes
Turn   | Place    | Note
-------+----------+-------------------------------------------
     0 | D:1      | Inarius the Gargoyle Earth Elementalist began the quest for
                  | the Orb.
     0 | D:1      | Reached XP level 1. HP: 10/10 MP: 3/3
   287 | D:1      | Reached skill level 4 in Earth Magic
   330 | D:1      | Reached XP level 2. HP: 15/15 MP: 5/5
  1166 | D:1      | Reached XP level 3. HP: 14/19 MP: 3/6
  1401 | D:2      | Learned a level 3 spell: Stone Arrow
  1680 | D:2      | Found a stormy altar of Qazlal.
  1903 | D:2      | Noticed Robin
  1920 | D:2      | Killed Robin
  1920 | D:2      | Reached skill level 1 in Armour
  1920 | D:2      | Reached skill level 5 in Earth Magic
  1920 | D:2      | Reached XP level 4. HP: 22/24 MP: 4/7
  2120 | D:2      | Found a glowing golden altar of the Shining One.
  2271 | D:3      | Reached skill level 1 in Conjurations
  2307 | D:3      | Found a faded altar of an unknown god.
  2363 | D:3      | Found a basalt altar of Yredelemnul.
  2605 | D:3      | Found an ornate altar of the Wu Jian Council.
  2624 | D:3      | Reached XP level 5. HP: 28/28 MP: 4/8
  2666 | D:3      | Learned a level 4 spell: Petrify
  3430 | D:4      | Reached XP level 6. HP: 28/33 MP: 1/10
  3508 | D:4      | Found a hazy altar of Hepliaklqana.
  3578 | D:4      | Found a staircase to the Ecumenical Temple.
  3595 | Temple   | Entered the Ecumenical Temple
  3603 | Temple   | Became a worshipper of Vehumet
  3649 | D:4      | Reached skill level 1 in Fighting
  3649 | D:4      | Reached skill level 6 in Earth Magic
  3873 | D:4      | Reached XP level 7. HP: 20/39 MP: 8/11
  4296 | D:4      | Found a snail-covered altar of Cheibriados.
  4326 | D:4      | Found a hide-covered altar of Uskayaw.
  4399 | D:4      | Found a shimmering blue altar of Sif Muna.
  4497 | D:4      | Reached skill level 7 in Earth Magic
  4617 | D:4      | Reached * piety under Vehumet
  4617 | D:4      | Offered knowledge of Shock by Vehumet.
  4708 | D:4      | Reached skill level 1 in Shields
  4708 | D:4      | Reached XP level 8. HP: 17/45 MP: 3/13
  4905 | D:4      | Found the +7 Singing Sword {slice, sonic wave}
  5019 | D:5      | Entered Level 5 of the Dungeon
  5032 | D:5      | Learned a level 5 spell: Lee's Rapid Deconstruction
  6130 | D:5      | Reached skill level 8 in Earth Magic
  7032 | D:6      | Found Konn's Antique Armour Shop.
  7035 | D:6      | Bought a smelly scale mail for 297 gold pieces
  7264 | D:6      | Found Huraiw's General Store.
  7272 | D:6      | Bought a potion of degeneration for 13 gold pieces
  7360 | D:6      | Found Eceos's General Store.
  7458 | D:6      | Found a shattered altar of Ashenzari.
  7703 | D:6      | Noticed Sigmund
  7896 | D:6      | Killed Sigmund
  7896 | D:6      | Reached XP level 9. HP: 51/51 MP: 8/15
  7969 | D:6      | Found Qeofid's Antique Armour Shoppe.
  8045 | D:6      | Found an opulent altar of Gozag.
  8144 | D:6      | Found Paghidea's Jewellery Boutique.
  8450 | D:7      | Reached skill level 5 in Conjurations
  8450 | D:7      | Reached skill level 9 in Earth Magic
  8588 | D:7      | Found Onidifeh's Book Shoppe.
  8632 | D:7      | Offered knowledge of Magic Dart by Vehumet.
  8755 | D:7      | Identified the +5 scale mail of Ynumodgh {rF+} (You bought
                  | it in a shop on level 6 of the Dungeon)
  8775 | D:7      | Reached ** piety under Vehumet
  9386 | D:8      | Reached skill level 5 in Spellcasting
  9648 | D:8      | Reached skill level 10 in Earth Magic
 10175 | D:8      | Reached XP level 10. HP: 56/56 MP: 13/18
 10206 | D:8      | Found a sacrificial altar of Ru.
 10293 | D:8      | Reached skill level 5 in Armour
 11461 | D:8      | Offered knowledge of Ignite Poison by Vehumet.
 11945 | D:9      | Reached *** piety under Vehumet
 12005 | D:9      | Found a staircase to the Orcish Mines.
 12006 | D:9      | Noticed a two-headed ogre
 12011 | D:9      | Killed a two-headed ogre
 12011 | D:9      | Reached skill level 11 in Earth Magic
 12115 | D:9      | Reached skill level 1 in Evocations
 12361 | D:10     | Entered Level 10 of the Dungeon
 12788 | D:10     | Offered knowledge of Static Discharge by Vehumet.
 12831 | D:10     | Found a sparkling altar of Nemelex Xobeh.
 12844 | D:10     | Reached XP level 11. HP: 61/61 MP: 20/20
 13077 | D:11     | Noticed Erica
 13100 | D:11     | Killed Erica
 13100 | D:11     | Reached skill level 12 in Earth Magic
 13330 | D:11     | Noticed Harold
 13345 | D:11     | Found a staircase to the Lair.
 13410 | D:11     | Killed Harold
 13650 | D:11     | Noticed Nergalle
 13673 | D:11     | Noticed a spectral orc warlord
 13678 | D:11     | Killed Nergalle
 13875 | D:11     | Noticed a green ugly thing
 13884 | D:11     | Killed a green ugly thing
 14011 | D:11     | Reached **** piety under Vehumet
 14085 | D:11     | Got a polished flail
 14086 | D:11     | Identified the cursed +3 flail of Ewoyfoa {crush, Int+4}
                  | (You found it on level 11 of the Dungeon)
 14227 | D:11     | Noticed a cyan ugly thing
 14744 | Lair:1   | Entered Level 1 of the Lair of Beasts
 14942 | Lair:1   | Reached skill level 1 in Maces & Flails
 14950 | Lair:1   | Reached skill level 13 in Earth Magic
 15685 | Lair:2   | Found a staircase to the Swamp.
 15983 | Lair:2   | Reached XP level 12. HP: 65/68 MP: 4/23
 16231 | Lair:2   | Offered knowledge of Conjure Flame by Vehumet.
 16339 | Lair:2   | Reached skill level 5 in Fighting
 16694 | Lair:2   | Reached skill level 14 in Earth Magic
 16800 | Lair:2   | Found a hole to the Spider Nest.
 17541 | Lair:3   | Reached ***** piety under Vehumet
 17543 | Lair:3   | Offered knowledge of Iron Shot by Vehumet.
 17544 | Lair:3   | Reached skill level 5 in Evocations
 17556 | Lair:3   | Learned a level 6 spell: Iron Shot
 18558 | Lair:4   | Reached XP level 13. HP: 47/72 MP: 14/25
 18743 | Lair:4   | Reached skill level 15 in Earth Magic
 19295 | Lair:4   | Reached skill level 10 in Conjurations
 19731 | Lair:5   | Noticed Sonja
 19739 | Lair:5   | Noticed Sonja
 19739 | Lair:5   | Sonja changed into Sonja the troll
 19742 | Lair:5   | Killed Sonja the troll
 20481 | D:6      | Bought a faintly humming chain mail for 256 gold pieces
 20504 | D:6      | Bought the amulet of Qulyerph {Gourm Str+7} for 517 gold
                  | pieces
 20505 | D:6      | Identified the +7 chain mail of Viushug {+Blink rElec Int-3
                  | Dex+5} (You bought it in a shop on level 6 of the Dungeon)
 21080 | Lair:5   | Got a smoking platinum ring
 21084 | Lair:5   | Identified the ring of Qohiarch {Wiz Str-4 Int+4} (You
                  | found it on level 5 of the Lair of Beasts)
 21169 | Lair:5   | Found a snail-covered altar of Cheibriados.
 21289 | Lair:5   | Found a staircase to the Slime Pits.
 21552 | Lair:6   | Entered Level 6 of the Lair of Beasts
 21557 | Lair:6   | Noticed Nessos
 21558 | Lair:6   | Offered knowledge of Lightning Bolt by Vehumet.
 21560 | Lair:6   | Noticed Nessos
 21560 | Lair:6   | Nessos changed into Nessos the two-headed ogre
 21580 | Lair:5   | Killed Nessos the two-headed ogre
 21580 | Lair:5   | Reached skill level 16 in Earth Magic
 21929 | Lair:6   | Noticed Kirke
 22673 | Lair:6   | Gained mutation: Your large and strong wings let you fly
                  | indefinitely. [Gargoyle growth]
 22673 | Lair:6   | Reached XP level 14. HP: 78/78 MP: 4/27
 23375 | Lair:6   | Killed Kirke
 24050 | Lair:6   | Reached skill level 10 in Spellcasting
 24518 | Lair:6   | Reached skill level 17 in Earth Magic
 25065 | Orc:1    | Entered Level 1 of the Orcish Mines
 25235 | Orc:1    | Offered knowledge of Bolt of Magma by Vehumet.
 25299 | Orc:1    | Found a flagged portal.
 25353 | Bailey   | Entered a bailey
 26475 | Orc:1    | Found Buon's Distillery.
 26517 | Orc:1    | Bought a potion of haste for 130 gold pieces
 26601 | Orc:2    | Entered Level 2 of the Orcish Mines
 27049 | Orc:2    | Paralysed by an orc sorcerer for 4 turns
 27190 | Orc:2    | Found a staircase to the Elven Halls.
 27647 | Orc:2    | Noticed Maurice
 27825 | Orc:2    | Killed Maurice
 27956 | Orc:2    | Noticed Rupert
 27966 | Orc:2    | Killed Rupert
 27974 | Orc:2    | Noticed an orc warlord
 28047 | Orc:2    | Killed an orc warlord
 28745 | Orc:2    | Reached XP level 15. HP: 72/84 MP: 19/29
 29045 | Orc:2    | Found an ancient bone altar of Kikubaaqudgha.
 29140 | Orc:2    | Found Wesaoxe's Gadget Emporium.
 29276 | Orc:2    | Noticed Erolcha
 29282 | Orc:2    | Killed Erolcha
 29282 | Orc:2    | Reached skill level 18 in Earth Magic
 29332 | Orc:2    | Found a roughly hewn altar of Beogh.
 29332 | Orc:2    | Found Ruxigis's Antique Armour Emporium.
 29430 | Orc:2    | Found Vegus's Distillery.
 29438 | Orc:2    | Bought a potion of heal wounds for 75 gold pieces
 29453 | Orc:2    | Found a radiant altar of Vehumet.
 29475 | Orc:2    | Found Icigav's Book Emporium.
 29652 | Orc:2    | Bought a bloodstained chain mail for 285 gold pieces
 29662 | Orc:2    | Identified the cursed +0 chain mail of Catatonia {rF+ MR++
                  | rCorr Dex-3} (You bought it in a shop on level 2 of the
                  | Orcish Mines)
 29683 | Orc:2    | Bought a pair of runed gloves for 225 gold pieces
 29683 | Orc:2    | Bought a shiny helmet for 225 gold pieces
 29706 | Orc:2    | Bought a large shield for 135 gold pieces
 29901 | D:12     | Noticed Azrael
 30189 | D:12     | Killed Azrael
 30738 | D:12     | Reached ****** piety under Vehumet
 32033 | D:13     | Offered knowledge of Fireball by Vehumet.
 32091 | D:13     | Found a gate to the Vaults.
 32653 | D:13     | Noticed a tengu reaver
 32658 | D:13     | Killed a tengu reaver
 32658 | D:13     | Reached skill level 19 in Earth Magic
 32998 | D:13     | Found a portal to a secret trove of treasure.
 33036 | D:13     | Noticed Frances
 33050 | D:13     | Killed Frances
 33779 | D:14     | Reached XP level 16. HP: 88/88 MP: 6/31
 33942 | D:14     | Got a pair of transparent gloves
 33943 | D:14     | Identified the +0 pair of gloves of the Kraken {+Blink}
                  | (You found it on level 14 of the Dungeon)
 34478 | D:15     | Entered Level 15 of the Dungeon
 35229 | D:15     | Reached skill level 20 in Earth Magic
 35232 | D:15     | Offered knowledge of Poison Arrow by Vehumet.
 36056 | D:15     | Found a staircase to the Depths.
 36703 | D:15     | Upgraded the game from 0.24.0-2-g5b39cebb1c to
                  | 0.24.0-5-g267a8d59f4
 36906 | Swamp:1  | Entered Level 1 of the Swamp
 38006 | Swamp:1  | Noticed a thorn hunter
 38009 | Swamp:1  | Killed a thorn hunter
 38313 | Swamp:1  | Identified Roxanne's Catalogue of Changing
 38313 | Swamp:1  | Noticed Roxanne
 38398 | Swamp:1  | Reached XP level 17. HP: 93/93 MP: 23/33
 38503 | Swamp:1  | Killed Roxanne
 38503 | Swamp:1  | Reached skill level 21 in Earth Magic
 39000 | Swamp:2  | Offered knowledge of Freezing Cloud by Vehumet.
 39199 | Swamp:2  | Noticed Donald
 39616 | Swamp:2  | Killed Donald
 40754 | Swamp:3  | Got a twisted chain mail
 40765 | Swamp:3  | Identified the +5 chain mail of Dyuvuk {rC- Dex+6} (You
                  | found it on level 3 of the Swamp)
 41210 | Swamp:3  | Got a brightly glowing ring mail
 41221 | Swamp:3  | Identified the +3 ring mail of the Morning {*Corrode MP+9
                  | Slay+4} (You found it on level 3 of the Swamp)
 41413 | Swamp:4  | Entered Level 4 of the Swamp
 41600 | Swamp:4  | Offered knowledge of Spellforged Servitor by Vehumet.
 41611 | Swamp:3  | Learned a level 7 spell: Spellforged Servitor
 42465 | Swamp:4  | Reached skill level 1 in Summonings
 43105 | Swamp:4  | Got a decaying rune of Zot
 43223 | Swamp:4  | Reached skill level 22 in Earth Magic
 43506 | Spider:1 | Entered Level 1 of the Spider Nest
 43524 | Lair:2   | Reached XP level 18. HP: 69/98 MP: 32/35
 43722 | Spider:1 | Found a frozen archway.
 43834 | IceCv    | Entered an ice cave
 44261 | IceCv    | Offered knowledge of Lehudib's Crystal Spear by Vehumet.
 44261 | IceCv    | Offered knowledge of Fire Storm by Vehumet.
 44261 | IceCv    | Offered knowledge of Shatter by Vehumet.
 44358 | IceCv    | Learned a level 9 spell: Shatter
 45120 | IceCv    | Noticed an Ice Fiend
 45125 | IceCv    | Killed an Ice Fiend
 45144 | IceCv    | Identified Xowocorr's Incunabulum of the Doomed Glacier
 45152 | IceCv    | Learned a level 5 spell: Borgnjor's Vile Clutch
 45688 | Spider:1 | Reached skill level 1 in Necromancy
 45960 | Spider:1 | Found a runed translucent door.
 45960 | Spider:1 | Noticed endersaim's ghost (adept MfSk)
 45976 | Spider:1 | Killed endersaim's ghost
 46546 | Spider:2 | Reached skill level 15 in Conjurations
 47724 | Spider:3 | Noticed Asterion
 47984 | Spider:2 | Killed Asterion
 48160 | Spider:3 | Noticed Arachne
 48294 | Spider:3 | Killed Arachne
 48536 | Spider:3 | Reached skill level 23 in Earth Magic
 48869 | Spider:3 | Reached skill level 5 in Shields
 48980 | Spider:4 | Entered Level 4 of the Spider Nest
 49055 | Spider:4 | Reached XP level 19. HP: 104/104 MP: 13/37
 50740 | Spider:4 | Learned a level 2 spell: Blink
 51190 | Spider:4 | Reached skill level 1 in Translocations
 51825 | Spider:4 | Got a gossamer rune of Zot
 52092 | Vaults:1 | Entered Level 1 of the Vaults
 52895 | D:6      | Bought 2 scrolls of identify for 52 gold pieces
 52895 | D:6      | Bought a sack of spiders for 260 gold pieces
 53861 | Vaults:1 | Reached skill level 15 in Spellcasting
 53869 | Vaults:1 | Reached skill level 24 in Earth Magic
 54621 | Vaults:2 | Reached XP level 20. HP: 101/109 MP: 34/39
 54633 | Vaults:2 | Reached skill level 10 in Armour
 56638 | Vaults:2 | Noticed a golden dragon
 56645 | Vaults:2 | Killed a golden dragon
 57868 | Vaults:3 | Found the amulet of the Air {Inacc +Fly rElec EV+5 RMsl}
 57888 | Vaults:3 | Found a staircase to the Crypt.
 57888 | Vaults:3 | Found an ancient bone altar of Kikubaaqudgha.
 57888 | Vaults:3 | Found a basalt altar of Yredelemnul.
 58289 | Vaults:3 | Reached skill level 25 in Earth Magic
 58964 | Vaults:3 | Reached XP level 21. HP: 82/115 MP: 18/40
 59108 | Vaults:3 | Got a faintly humming cloak
 59119 | Vaults:3 | Identified the +0 cloak of Yredelemnul's Fury {rN+ rCorr
                  | Int+2} (You found it on level 3 of the Vaults)
 59215 | Vaults:3 | Reached skill level 5 in Translocations
 62170 | Vaults:4 | Reached skill level 26 in Earth Magic
 62464 | Vaults:4 | Got a faintly glowing chain mail
 63507 | Elf:1    | Entered Level 1 of the Elven Halls
 63639 | Elf:1    | Reached XP level 22. HP: 119/124 MP: 15/42
 64485 | Elf:1    | Identified the +10 rapier of Idydo Ydenepn {antimagic,
                  | rElec rF- Int+3}
 64747 | Elf:1    | Found a shimmering altar of Xom.
 64955 | Elf:2    | Noticed Jorgrun
 64958 | Elf:2    | Killed Jorgrun
 65123 | Elf:2    | Found Piorefy's Antique Weapon Emporium.
 65136 | Elf:2    | Learned a level 8 spell: Lehudib's Crystal Spear
 65587 | Elf:2    | Found Vuxkawn's Armour Shoppe.
 65662 | Elf:2    | Found Xadume's Gadget Emporium.
 65671 | Elf:2    | Bought a wand of iceblast (5) for 135 gold pieces
 65731 | Elf:2    | Identified the cursed +0 chain mail of the Kettle-Drum
                  | {rF+} (You found it on level 4 of the Vaults)
 65796 | Elf:2    | Found Sotz's Gadget Shop.
 65857 | Elf:2    | Found a runed translucent gate.
 65857 | Elf:2    | Found a runed translucent gate.
 65857 | Elf:2    | Found a runed translucent gate.
 66635 | Elf:3    | Entered Level 3 of the Elven Halls
 66654 | Elf:3    | Found Zifeonu's Book Boutique.
 66780 | Elf:3    | Got a fine buckler
 67642 | Elf:3    | Identified the +9 scimitar of Sofettek {drain, Dex+4}
 67643 | Elf:3    | Reached skill level 27 in Earth Magic
 67645 | Elf:3    | Identified the +3 chain mail "Ahim" {Dex+4}
 67646 | Elf:3    | Identified the +3 morningstar "Sofrudogh" {freeze, rF+
                  | MP+9}
 67646 | Elf:3    | Identified the amulet of Parucul {Faith rPois}
 67648 | Elf:3    | Reached XP level 23. HP: 132/132 MP: 33/44
 67648 | Elf:3    | Reached skill level 10 in Fighting
 67655 | Elf:3    | Identified the +9 long sword of the Skies Above {slice,
                  | +Blink Int+9 Stlth-}
 67738 | Elf:3    | Identified the Tome of Lethal Earth
 67749 | Elf:3    | Identified the +1 pair of gloves "Joxzic" {rF+ Int+4} (You
                  | found it on level 3 of the Elven Halls)
 68252 | Crypt:1  | Entered Level 1 of the Crypt
 68262 | Crypt:1  | Noticed Saint Roka
 68275 | Crypt:1  | Killed Saint Roka
 68872 | Crypt:1  | Noticed Frederick
 68903 | Crypt:1  | Killed Frederick
 68903 | Crypt:1  | Reached skill level 1 in Long Blades
 71286 | Crypt:3  | Entered Level 3 of the Crypt
 72025 | Crypt:3  | Found a basalt altar of Yredelemnul.
 72726 | Crypt:3  | Identified the +3 buckler "Oduuhahu" {+Blink rF+} (You
                  | found it on level 3 of the Elven Halls)
 72744 | Crypt:3  | Reached skill level 10 in Evocations
 72744 | Crypt:3  | Reached XP level 24. HP: 136/140 MP: 45/45
 73222 | Crypt:3  | Learned a level 9 spell: Fire Storm
 73278 | Crypt:3  | Reached skill level 1 in Fire Magic
 73549 | Crypt:3  | Found a staircase to the Tomb.
 73592 | Crypt:3  | Got a scintillating pewter ring
 73878 | Crypt:3  | Got a flickering bronze amulet
 73879 | Crypt:3  | Identified the ring "Vobret" {*Tele rPois rN++ MR+ Int-5}
                  | (You found it on level 3 of the Crypt)
 73880 | Crypt:3  | Identified the amulet "Nuga" {Inacc Int+4} (You found it on
                  | level 3 of the Crypt)
 74328 | Depths:1 | Entered Level 1 of the Depths
 74328 | Depths:1 | Found a one-way gate leading to the halls of Pandemonium.
 74338 | Depths:1 | Found Xuokonka's Assorted Antiques.
 74341 | Depths:1 | Noticed Itoosaen's ghost (veteran VSBe)
 74477 | D:15     | Killed Itoosaen's ghost
 74541 | Depths:1 | Found an opulent altar of Gozag.
 74541 | Depths:1 | Found a large runed translucent door.
 75084 | Depths:1 | Found a large runed translucent door.
 75086 | Depths:1 | Found Keqa's Assorted Antiques.
 75362 | D:6      | Bought a scroll of teleportation for 39 gold pieces
 75747 | Depths:1 | Reached skill level 5 in Fire Magic
 76926 | Depths:1 | Noticed an ancient lich
 76927 | Depths:1 | Killed an ancient lich
 76932 | Depths:1 | Killed from afar by a spriggan air mage

Levels and vault maps discovered:
D:1:      mrwooster_arrival_statue_3, layout_loops_corners
D:2:      layout_basic, nicolae_qazlal_general_emergency,
          nicolae_tso_carved_into_rock, uniq_robin
D:3:      layout_basic, lemuel_round_altar, nicolae_overflow_crystal_walls,
          chequers_ecumenical_altar_simple_redux
D:4:      old_forge, layout_cave_pools, nicolae_overflow_hidden_temple,
          lemuel_doored_altar, led_sif_pool, lemuel_coloured_pillars_altar,
          minmay_temple_entry_mist, first_ration, serial_bayou_pond_c
D:5:      layout_gridville, minivault_23
D:6:      layout_basic, kennysheep_mini_moat, nicolae_ashenzari_panopticon,
          serial_shops, shop_fountains, nicolae_shop_behind_doors, shop,
          kennysheep_mini, shop, uniq_sigmund
D:7:      layout_basic, serial_shops, nicolae_shop_crystal
D:8:      cheibrodos_barr_body, layout_basic, nicolae_ru_awakened_eye
D:9:      layout_rooms, orc_david_3
D:10:     layout_long_grid, grunt_livestock, minmay_misc_feat_pillars,
          lemuel_centaur_altar
D:11:     layout_roguey, minmay_lair_entry_grove, uniq_harold, uniq_nergalle,
          uniq_erica
D:12:     layout_basic, uniq_azrael
D:13:     evilmike_diamond_2, layout_irregular_city, ximxim_vaults_locker_room,
          enter_trove_6, uniq_frances
D:14:     layout_small_grid, kennysheep_pointless_box,
          minmay_misc_feat_diagonals
D:15:     hangedman_depths_entry_try_elsewhere_first, layout_loops_ring,
          amethyst_killhole
Temple:   nicolae_temple_no_exploring_needed
Lair:1:   layout_layer_cave, grunt_megastairs_3
Lair:2:   layout_chaotic_city, minmay_swamp_entry_worms, spider_nest_entry_webs,
          kennysheep_rathole
Lair:3:   layout_regular_city
Lair:4:   layout_long_grid, minivault_25, st_stairs_11,
          kennysheep_basilisk_garden, grunt_megastairs_1
Lair:5:   layout_regular_city, dpeg_slime_entry_corner, basic_altar,
          eino_house_with_fridge, uniq_sonja
Lair:6:   grunt_lair_end_beastmaster, layout_misc_corridors, st_stairs_11,
          grunt_megastairs_5, uniq_nessos, uniq_kirke
Swamp:1:  layout_basic_swamp, hangedman_swamp_cone, swamp_pool1, uniq_roxanne
Swamp:2:  layout_basic_swamp, serial_swamp_ruin, evilmike_swamp_ruin_rubble_2,
          evilmike_swamp_ruin_house_4, evilmike_swamp_ruin_house_3, uniq_donald
Swamp:3:  layout_basic_swamp, evilmike_swamp_ruin_house_2
Swamp:4:  swamp, layout_basic_swamp
Spider:1: layout_spider_delve, portal_ice_cave_entry_pillars_1,
          ebering_ghost_inner_flame
Spider:2: layout_spider_delve
Spider:3: layout_spider_delve, uniq_arachne, uniq_asterion
Spider:4: guppyfry_spider_rune
Orc:1:    layout_diamond_mine, serial_shops, nicolae_shop_behind_doors,
          enter_bailey_7
Orc:2:    kennysheep_orc_mage_school, layout_caves, mines5_lemuel, uniq_maurice,
          uniq_rupert
Elf:1:    elf_arrival_002, layout_geoelf_octagon, basic_altar, minivault_28,
          st_stairs_1
Elf:2:    layout_gridlike, serial_shops, nicolae_shop_trees, shop,
          nicolae_shop_behind_doors, shop, uniq_jorgrun
Elf:3:    elf_hall_gauntlet_wide, layout_geoelf_diagonals, serial_shops, shop
Vaults:1: v_pattern_4, nicolae_vaults_big_ls, vaults_room_semicircle, v_misc_15,
          vaults_dpeg_diagonal, layout_vaults_omnigrid
Vaults:2: v_misc_18, grunt_vaults_hallway_short, vaults_room_door_hall,
          vaults_room_semicircle, v_rooms_3, hangedman_vaults_impose,
          hangedman_vaults_unwind, ontoclasm_vaults_claustrophobia,
          hangedman_vaults_restitches, ontoclasm_vaults_idyll,
          nicolae_vaults_little_ls, nicolae_vaults_angled_halls,
          nicolae_vaults_little_squares_6, nicolae_vaults_mini_display_case,
          layout_vaults_ring
Vaults:3: v_alt_pattern_1, nicolae_vaults_minivaults,
          minmay_crypt_entry_necro_gods, v_alt_pattern_3,
          hangedman_vaults_nodes, v_misc_10, nicolae_vaults_network_barrier,
          grunt_vaults_trifunnel, vaults_room_boxed, v_misc_31,
          vaults_room_pools, nicolae_vaults_little_squares_3,
          vaults_room_door_ring, vaults_room_hallway, vaults_room_pools,
          vaults_dpeg_hooks, nicolae_vaults_diagonal_hallway_8,
          layout_vaults_omnicross
Vaults:4: v_misc_26, nicolae_vaults_network_s, v_misc_4,
          hangedman_vaults_restitches, ontoclasm_vaults_shout,
          nicolae_vaults_circle_grid_b, v_rooms_5, nicolae_vaults_rhombus_6,
          v_misc_19, v_misc_13, v_misc_26, grunt_vaults_hallway_long,
          layout_vaults_omnibox
Crypt:1:  layout_misc_corridors, st_stairs_5, minmay_misc_feat_five,
          uniq_saint_roka, uniq_frederick
Crypt:2:  layout_gridlike
Crypt:3:  grunt_crypt_end_deaths_head
Depths:1: layout_basic, pan_entry, serial_sigils_hangedman_shear,
          pf_hell_entry_tar_river, special_room [special_room_magic_class],
          ebering_ghost_gozag, kennysheep_generic_room_16,
          kennysheep_random_hallway

Skill      XL: |  1  2  3  4  5  6  7  8  9 10 11 12 13 14 15 16 17 18 19 20 21 22 23 24 |
---------------+-------------------------------------------------------------------------+-----
Earth Magic    | 4 5 6 7 8 10 11 13 14 16 17 19 20 22 23 24 25 26 27 | 27.0
Armour         | 1 2 4 5 6 7 8 9 10 12 | 12.3
Conjurations   | 1 2 3 4 5 7 8 9 10 11 12 13 14 15 16 17 18 19 | 19.0
Dodging        | 2 3 |  3.9
Fighting       | 1 2 3 4 5 6 7 8 9 11 | 11.7
Spellcasting   | 3 4 5 6 7 8 9 10 11 12 13 14 15 16 17 18 | 18.5
Shields        | 1 2 4 5 6 7 |  7.9
Evocations     | 1 3 5 6 7 8 10 | 10.1
Maces & Flails | 1 2 |  2.0
Summonings     | 1 2 |  2.5
Necromancy     | 3 4 |  4.6
Translocations | 2 4 6 |  6.0
Long Blades    | 2 |  2.1
Fire Magic     | 6 |  6.3
Stealth        | |  2.1
Unarmed Combat | |  0.1
Transmutations | |  0.7

Action                   |  1- 3 |  4- 6 |  7- 9 | 10-12 | 13-15 | 16-18 | 19-21 | 22-24 || total
-------------------------+-------+-------+-------+-------+-------+-------+-------+-------++-------
Melee: Short sword       |   122 |   168 |   579 |   349 |       |       |       |       ||  1218
       Flail             |       |       |       |   102 |   457 |   183 |   293 |       ||  1035
       Unarmed           |       |       |       |       |     1 |       |       |       ||     1
       Staff             |       |       |       |       |       |       |     7 |    15 ||    22
       Long sword        |       |       |       |       |       |       |       |    85 ||    85
 Cast: Sandblast         |    11 |    38 |    48 |   118 |    19 |   161 |     3 |       ||   398
       Stone Arrow       |       |     1 |    65 |   166 |   201 |    27 |       |       ||   460
       Lee's Rapid Decon |       |       |     2 |    13 |   179 |   160 |   246 |   310 ||   910
       Petrify           |       |       |       |     5 |       |       |       |       ||     5
       Iron Shot         |       |       |       |     4 |   151 |   307 |   141 |   123 ||   726
       Borgnjor's Vile C |       |       |       |       |       |    64 |   143 |    32 ||   239
       Shatter           |       |       |       |       |       |       |    16 |    69 ||    85
       Lehudib's Crystal |       |       |       |       |       |       |       |     2 ||     2
 Abil: Fly               |       |       |       |       |     1 |       |       |       ||     1
Evoke: Wand              |       |       |       |    20 |    24 |    19 |     6 |       ||    69
       Box of beasts     |       |       |       |     1 |     1 |       |       |       ||     2
       Phial of floods   |       |       |       |       |       |     1 |     1 |       ||     2
       Lightning rod     |       |       |       |       |       |       |     4 |       ||     4
  Use: Scroll            |       |     2 |     4 |    10 |    15 |    12 |     9 |     9 ||    61
       Potion            |       |       |     3 |     1 |     2 |     1 |     2 |     1 ||    10
 Stab: Sleeping          |     1 |     3 |       |       |       |       |       |       ||     4
       Petrified         |       |       |       |    12 |     3 |       |       |       ||    15
       Confused          |       |       |       |     5 |       |       |       |       ||     5
       Petrifying        |       |       |       |     1 |       |       |       |       ||     1
  Eat: Chunk             |     3 |     7 |    24 |    25 |   106 |    98 |    62 |    63 ||   388
       Ration            |       |       |     1 |     3 |     1 |       |       |     1 ||     6
Armor: Robe              |     9 |       |       |       |       |       |       |       ||     9
       Leather armour    |    42 |    75 |   135 |       |       |       |       |       ||   252
       Ring mail         |       |       |    70 |       |       |       |       |       ||    70
       Scale mail        |       |       |   101 |   413 |   252 |       |       |       ||   766
       Chain mail        |       |       |       |       |   148 |   506 |   355 |   165 ||  1174
Dodge: Dodged            |    88 |   108 |   361 |   300 |   414 |   328 |   235 |   123 ||  1957
Block: Buckler           |       |     8 |   106 |   135 |    95 |       |       |       ||   344
       Large shield      |       |       |       |       |   167 |   168 |       |       ||   335
       Shield            |       |       |       |       |       |   223 |   293 |   131 ||   647
       Reflection        |       |       |       |       |       |       |       |     1 ||     1
       Rpst.: Long sword |       |       |       |       |       |       |       |    25 ||    25
